AoeStats
← YULONG

Arena

510418151Analyzed
4v4 RM · 2d ago on Sep 30, 2026· 46m 13s· 8 players
Game mode
Random Map
Map size
Large (8 player)
Population
200
Speed
Normal
Resources
Standard
Victory
Conquest
Starting age
Dark Age
Ending age
Imperial Age
RankedLock teamsTeams togetherTeam positionsShared explorationLock speedFull tech treeHidden civsTurbo modeCheats
Victory
Defeat
🇨🇦 Burgundians · Canada
1049
+14
🇩🇪 Bohemians · Germany
1043
+14
🇹🇷 Lithuanians · Türkiye
975
+17
🇨🇱 Dravidians · Chile
955
+45
🇵🇹 Romans · Portugal
1041
-17
🇻🇳 Malay · Vietnam
1006
-16
🇹🇼 Japanese · Taiwan
989
-15
🇨🇳 Britons · China
949
-41
phaple295
5:42 Loom
12:30 Feudal Age
18:54 Castle Age
17:03 Double-Bit Axe
17:06 Horse Collar
17:48 Stone Mining
18:04 Gold Mining
19:55 Wheelbarrow
23:05 Hand Cart
29:38 Imperial Age
28:23 Scale Barding Armor
28:30 Forging
28:29 Town Watch
28:58 Bow Saw
28:51 Heavy Plow
29:28 Gold Shaft Mining
29:56 Conscription
29:50 Husbandry
31:50 Stone Shaft Mining
33:05 Pikeman
33:46 Squires
33:10 Elite Battle Elephant
35:27 Iron Casting
34:45 Fletching
34:55 Padded Archer Armor
34:18 Elite Skirmisher
救不了你
11:25 Feudal Age
15:40 Castle Age
13:40 Double-Bit Axe
13:38 Horse Collar
14:30 Gold Mining
15:41 Stone Mining
17:05 Bow Saw
16:57 Heavy Plow
17:56 Loom
24:18 Wheelbarrow
26:55 Hand Cart
30:23 Imperial Age
30:29 Imperial Age
28:50 Scale Barding Armor
28:45 Scale Mail Armor
28:55 Forging
28:36 Fletching
30:17 Chain Barding Armor
32:21 Iron Casting
32:02 Chain Mail Armor
32:53 Two-Man Saw
31:51 Pikeman
32:32 Squires
32:17 Arson
32:41 Elite Samurai
33:13 Halberdier
34:01 Gambesons
34:47 Bodkin Arrow
36:45 Elite Skirmisher
39:50 Thumb Ring
41:09 Bracer
41:11 Padded Archer Armor
YULONG
14:19 Feudal Age
16:53 Double-Bit Axe
19:00 Gold Mining
22:56 Wheelbarrow
23:43 Horse Collar
36:47 Castle Age
34:41 Loom
35:08 Padded Archer Armor
35:00 Fletching
38:20 Leather Archer Armor
38:01 Bodkin Arrow
42:38 Hand Cart
!
9:12 Loom
12:41 Feudal Age
13:14 Double-Bit Axe
16:28 Castle Age
14:21 Horse Collar
15:58 Gold Mining
19:15 Bow Saw
21:41 Wheelbarrow
23:59 Hand Cart
26:11 Heavy Plow
29:43 Imperial Age
27:00 Town Watch
30:34 Ballistics
30:04 Guard Tower
31:36 Chemistry
30:48 Masonry
30:46 Siege Engineers
31:25 Town Patrol
31:45 Scale Mail Armor
32:07 Forging
31:47 Fletching
32:23 Block Printing
31:40 Pikeman
32:20 Squires
32:16 Heavy Scorpion
32:35 Halberdier
33:40 Chain Mail Armor
34:43 Iron Casting
34:03 Bodkin Arrow
36:11 Fervor
36:03 Devotion
36:53 Capped Ram
38:34 Ballistas
46:27 Padded Archer Armor
47:29 Blast Furnace
Bifbatz
12:11 Feudal Age
10:28 Loom
13:51 Wheelbarrow
16:36 Castle Age
15:08 Double-Bit Axe
15:07 Horse Collar
17:46 Heavy Plow
17:59 Bow Saw
28:00 Fletching
28:10 Padded Archer Armor
28:20 Forging
28:10 Scale Mail Armor
28:15 Scale Barding Armor
29:12 Chemistry
28:33 Ballistics
28:23 Fortified Wall
28:10 Murder Holes
28:12 Town Watch
31:54 Imperial Age
30:22 Fervor
29:35 Pikeman
30:16 Squires
30:01 Arson
31:02 Masonry
31:19 Wagenburg Tactics
33:21 Elite Skirmisher
34:33 Bodkin Arrow
34:53 Leather Archer Armor
34:35 Arson
36:03 Siege Engineers
36:21 Bombard Tower
37:32 Two-Man Saw
40:09 Architecture
43:11 Iron Casting
42:51 Chain Mail Armor
42:37 Bracer
43:07 Ring Archer Armor
42:58 Chain Barding Armor
44:03 Conscription
46:23 Hand Cart
46:08 Town Patrol
47:10 Blast Furnace
46:40 Plate Mail Armor
46:05 Guard Tower
46:02 Arrowslits
.
8:59 Double-Bit Axe
10:56 Feudal Age
15:24 Castle Age
14:16 Bow Saw
13:49 Horse Collar
14:07 Gold Mining
15:03 Stone Mining
19:02 Two-Man Saw
22:52 Wheelbarrow
23:51 Heavy Plow
25:20 Crop Rotation
26:36 Gold Shaft Mining
26:40 Stone Shaft Mining
27:58 Hand Cart
30:17 Imperial Age
27:37 Loom
27:39 Town Watch
28:12 Husbandry
28:26 Forging
28:22 Scale Barding Armor
29:09 Burgundian Vineyards
29:46 Iron Casting
29:29 Fortified Wall
29:30 Cavalier
31:09 Chain Barding Armor
30:38 Treadmill Crane
31:12 Masonry
32:12 Chemistry
30:56 Paladin
31:58 Conscription
33:05 Blast Furnace
32:42 Plate Barding Armor
33:23 Caravan
locomangoaoe2
9:26 Feudal Age
13:16 Castle Age
12:12 Double-Bit Axe
12:51 Horse Collar
14:18 Bow Saw
14:33 Heavy Plow
17:43 Wheelbarrow
21:18 Town Watch
21:21 Loom
22:34 Fletching
27:04 Imperial Age
24:56 Bodkin Arrow
26:02 Padded Archer Armor
26:35 Hand Cart
28:07 Ballistics
28:52 Chemistry
28:00 Thumb Ring
28:04 Elite Elephant Archer
28:48 Bracer
29:52 Ballistics
30:27 Conscription
34:11 Leather Archer Armor
38:51 Light Cavalry
39:32 Husbandry
40:04 Ring Archer Armor
39:40 Scale Barding Armor
46:04 Forging
46:16 Chain Barding Armor
46:29 Town Patrol
46:54 Sanctity
47:10 Theocracy
46:30 Herbal Medicine
46:38 Devotion
46:54 Block Printing
46:52 Fortified Wall
46:33 Guard Tower
46:28 Arrowslits
46:39 Murder Holes
46:54 Clinker Construction
46:51 Siphons
46:57 Careening
46:08 Pikeman
46:08 Man-at-Arms
46:34 Gambesons
46:49 Squires
46:35 Arson
makrimonos
10:05 Feudal Age
11:20 Double-Bit Axe
17:45 Castle Age
15:38 Horse Collar
19:26 Heavy Plow
21:33 Bloodlines
21:24 Husbandry
23:58 Stone Mining
24:02 Gold Mining
25:19 Bow Saw
25:53 Stone Shaft Mining
28:47 Wheelbarrow
27:58 Town Watch
32:20 Imperial Age
31:25 Scale Barding Armor
31:32 Forging
32:22 Hand Cart
32:07 Town Patrol
33:40 Conscription
34:02 Iron Casting
33:48 Chain Barding Armor
36:14 Town Patrol
38:02 Plate Barding Armor
37:20 Elite Leitis
40:14 Scale Mail Armor
40:23 Tower Shields
Connection lost

Rejoining the realm…

Still unreachable

The connection could not be restored.

Session expired

The server has moved on; the page needs a fresh start.